 Dungeon Crawl Stone Soup version 0.27.0-1-g7a089689b8 (webtiles) character file.

Game seed: 13200347130937698329

1063 orehx the Destroyer (level 8, -8/46 HPs)
             Began as an Octopode Conjurer on Aug 2, 2021.
             Mangled by an ice beast (12 damage)
             ... on level 3 of the Dungeon on Aug 3, 2021.
             The game lasted 00:13:01 (7844 turns).

orehx the Destroyer (Octopode Conjurer)             Turns: 7844, Time: 00:13:02

Health: -8/46      AC:  1    Str:  7    XL:     8   Next: 27%
Magic:  4/11       EV: 13    Int: 22    God:
Gold:   1140       SH:  0    Dex: 10    Spells: 5/12 levels left

rFire    . . .     SeeInvis .   a - +0 dagger
rCold    . . .     Faith    .   (no shield)
rNeg     . . .     Spirit   .   (helmet restricted)
rPois    .         Reflect  .   (no amulet)
rElec    .         Harm     .   (no ring)
rCorr    .         Rampage  .   (no ring)
Will     .....                  (no ring)
Stlth    +++.......             (no ring)
HPRegen  0.15/turn              (no ring)
MPRegen  0.12/turn              (no ring)
                                (no ring)
                                (no ring)

@: no status effects
A: almost no armour, amphibious, 8 rings, camouflage 1, gelatinous body 1,
(nimble swimmer 1), tentacles
a: no special abilities


You were on level 3 of the Dungeon.
You visited 1 branch of the dungeon, and saw 5 of its levels.

You collected 1140 gold pieces.

Inventory:

Hand Weapons
 a - a +0 dagger (weapon)
Missiles
 l - a throwing net
Magical Staves
 d - a staff of death
 n - a staff of air
Wands
 e - a wand of polymorph (12)
 h - a wand of charming (5)
Scrolls
 b - 4 scrolls of vulnerability
 c - 2 scrolls of enchant weapon {unknown}
 p - a scroll of immolation {unknown}
 q - a scroll of identify
 s - 2 scrolls of brand weapon {unknown}
 t - a scroll of holy word {unknown}
 u - a scroll of magic mapping {unknown}
 v - a scroll of fog {unknown}
Potions
 f - a potion of berserk rage {unknown}
 g - 3 potions of lignification {unknown}
 i - 2 potions of degeneration {unknown}
 j - a potion of haste
 k - 4 potions of flight {unknown}
 m - 3 potions of might {unknown}
 o - a potion of attraction {unknown}
 r - a potion of mutation {unknown}


   Skills:
 - Level 2.0 Dodging
 - Level 2.6 Stealth
 + Level 2.5 Spellcasting
 - Level 8.2 Conjurations
 + Level 5.7 Hexes


You had 5 spell levels left.
You knew the following spells:

 Your Spells              Type           Power      Damage    Failure   Level
a - Magic Dart            Conj           100%       1d8       1%          1
b - Searing Ray           Conj           78%        3d6       1%          2
c - Fulminant Prism       Conj/Hex       16%        3d11      8%          4

Your spell library contained the following spells:

 Spells                   Type           Power      Damage    Failure   Level
 Dazzling Flash           Conj/Hex       66%        N/A       2%          3
 Inner Flame              Hex/Fire       15%        N/A       12%         3
 Summon Guardian Golem    Hex/Summ       15%        N/A       12%         3
 Cause Fear               Hex            14%        N/A       12%         4
 Summon Small Mammal      Summ           8%         N/A       13%         1
 Blink                    Tloc           N/A        N/A       21%         2
 Iskenderun's Mystic Bla  Conj/Tloc      20%        2d6       24%         4
 Call Canine Familiar     Summ           2%         N/A       36%         3
 Lesser Beckoning         Tloc           1%         N/A       36%         3
 Manifold Assault         Tloc           2%         N/A       98%         5
 Discord                  Hex            14%        N/A       100%        8


Dungeon Overview and Level Annotations

Branches:
Dungeon (5/15)
 Temple: D:4-7

Altars:

Annotations:
D:2 1 runed translucent door, Crazy Yiuf
D:4 Grinder


Innate Abilities, Weirdness & Mutations

You cannot wear most types of armour.
You are amphibious.
You can wear up to eight rings at the same time.
Your skin changes colour to match your surroundings (Stealth+).
Your rubbery body absorbs attacks. (AC +1, EV +1)
((You are camouflaged near water. (Stealth+)))
You have tentacles for arms and can constrict up to eight enemies at once.


Message History

Unknown command.
Press: ? - help, v - describe, . - travel
Here: an ice beast (water) Some deep water.
The ice beast hits you. The ice beast freezes you.
There is a stone staircase leading up here.
The ice beast closely misses you.
You climb upwards.
There is a stone staircase leading down here.
Casting: Magic Dart (safe; 1% risk of failure)
Confirm with . or Enter, or press ? or * to list all spells.
Aiming: Searing Ray (safe; 1% risk of failure)
Press: ? - help, Shift-Dir - straight line, f - ice beast
Aim: an ice beast (81% to hit)
The searing ray hits the ice beast.
The ice beast is lightly wounded. (Press . to maintain the ray.)
The ice beast misses you.
The searing ray misses the ice beast.
The ice beast closely misses you.
The searing ray hits the ice beast!
The ice beast is moderately wounded.
The ice beast hits you. The ice beast freezes you!
The searing ray hits the ice beast.
The ice beast is moderately wounded.
You finish channeling your searing ray.
The ice beast hits you. The ice beast freezes you!
* * * LOW HITPOINT WARNING * * *
Okay, then.
Casting: Searing Ray (safe; 1% risk of failure)
Confirm with . or Enter, or press ? or * to list all spells.
Aiming: Searing Ray (safe; 1% risk of failure)
Press: ? - help, Shift-Dir - straight line, f/p - ice beast
Aim: an ice beast (moderately wounded, 81% to hit)
The searing ray hits the ice beast!
The ice beast is almost dead. (Press . to maintain the ray.)
The ice beast hits you.
* * * LOW HITPOINT WARNING * * *
The ice beast freezes you!
You die...

#.## ####..# ##.#
#### #..# ##.## #..#
##############.##
.........).....#
...###.....#######
...# #####......@#
...# #.....Y.# ...#
###.......# ####
#.........# #
##.######### #.....#
# #.....#
#######.....########
..................)#


You could see an ice beast.

Vanquished Creatures
  An ogre (D:4)
  A gnoll sergeant (D:4)
  2 howler monkeys (D:4)
  4 hounds
  3 gnoll shamans
  2 iguanas
  Jessica (D:3)
  Terence (D:2)
  Natasha (thrice) (D:3)
  A hound skeleton (D:4)
  28 gnolls
  4 adders
  An adder skeleton (D:4)
  5 worms
  A dart slug (D:1)
  15 orcs
  5 ball pythons
  8 endoplasms
  2 giant cockroaches
  7 goblins
  10 hobgoblins
  14 jackals
  2 quokkas (D:2)
  6 bats
  A frilled lizard (D:1)
  12 kobolds
  A rat (D:3)
141 creatures vanquished.

Vanquished Creatures (others)
  2 plants (D:4)
2 creatures vanquished.

Grand Total: 143 creatures vanquished

Notes
Turn   | Place    | Note
-------+----------+-------------------------------------------
     0 | D:1      | orehx the Octopode Conjurer began the quest for the Orb.
     0 | D:1      | Reached XP level 1. HP: 11/11 MP: 3/3
    25 | D:1      | Reached XP level 2. HP: 10/17 MP: 1/5
   368 | D:1      | Learned a level 2 spell: Searing Ray
   879 | D:1      | Reached XP level 3. HP: 21/21 MP: 4/6
   987 | D:1      | Reached skill level 5 in Conjurations
  1684 | D:2      | Noticed Terence
  1768 | D:2      | Reached XP level 4. HP: 27/27 MP: 3/7
  1985 | D:2      | Found a faded altar of an unknown god.
  2524 | D:2      | Killed Terence
  2525 | D:2      | Reached skill level 6 in Conjurations
  2693 | D:2      | Found a runed translucent door.
  2694 | D:2      | Noticed Crazy Yiuf
  2876 | D:3      | Identified a scroll of acquirement
  2877 | D:3      | Acquired 944 gold pieces
  2887 | D:3      | Reached XP level 5. HP: 31/31 MP: 2/8
  3229 | D:3      | Noticed Jessica
  3234 | D:3      | Killed Jessica
  3275 | D:3      | Noticed Natasha
  3279 | D:3      | Killed Natasha
  3363 | D:3      | Noticed Natasha
  3368 | D:3      | Killed Natasha
  3369 | D:3      | Reached skill level 7 in Conjurations
  3484 | D:3      | Reached XP level 6. HP: 36/36 MP: 7/9
  3926 | D:3      | Noticed Natasha
  3964 | D:3      | Killed Natasha
  4507 | D:4      | Reached skill level 8 in Conjurations
  4789 | D:4      | Reached XP level 7. HP: 41/41 MP: 1/10
  4887 | D:4      | Learned a level 4 spell: Fulminant Prism
  5805 | D:4      | Noticed Grinder
  6404 | D:4      | Reached XP level 8. HP: 25/46 MP: 4/11
  6727 | D:4      | Reached skill level 5 in Hexes
  7148 | D:5      | Entered Level 5 of the Dungeon
  7844 | D:3      | Mangled by an ice beast

Illustrated notes

Levels and vault maps discovered:
D:1:      psy_arrival_radial01, layout_basic, minmay_tree_intersection
D:2:      layout_loops_ring, hellmonk_ecumenical_altar_inner_sanctum,
          uniq_crazy_yiuf_cottage, uniq_terence
D:3:      layout_rooms, cheibrodos_sewer_entry_bend, uniq_jessica, uniq_natasha
D:4:      lemuel_castle_with_subvaults [lemuel_castle_interior_carwin_3],
          layout_basic, uniq_grinder
D:5:      layout_cave_pools

Skill      XL: |  1  2  3  4  5  6  7  8 |
---------------+-------------------------+-----
Conjurations   | 5 6 7 8 |  8.2
Hexes          | 4 5 |  5.7
Dodging        | |  2.0
Stealth        | |  2.6
Spellcasting   | |  2.5

Action                   |  1- 3 |  4- 6 |  7- 9 || total
-------------------------+-------+-------+-------++-------
Melee: Unarmed           |    11 |       |       ||    11
       Tentacles         |     8 |     5 |     5 ||    18
       Constrict         |     9 |     4 |     7 ||    20
       Dagger            |    14 |    26 |    24 ||    64
 Cast: Magic Dart        |    48 |   103 |   156 ||   307
       Searing Ray       |     4 |    18 |    18 ||    40
  Use: Scroll            |       |     3 |       ||     3
Armor: Skin              |     3 |     2 |     1 ||     6
Dodge: Dodged            |    23 |    12 |    28 ||    63
